 Dungeon Crawl Stone Soup version 0.23.2-33-g5129a83184 (webtiles) character file.

Game seed: 16662243783554273726

511 Kobolds4U the Slasher (level 6, -10/53 HPs)
             Began as a Minotaur Fighter on July 20, 2019.
             Was an Initiate of Qazlal.
             Mangled by Prince Ribbit (11 damage)
             ... on level 5 of the Dungeon.
             The game lasted 00:11:08 (3764 turns).

Kobolds4U the Slasher (Minotaur Fighter)            Turns: 3764, Time: 00:11:09

Health: -10/53     AC:  9    Str: 21    XL:     6   Next: 99%
Magic:  0/5        EV:  8    Int:  5    God:    Qazlal [......]
Gold:   201        SH: 10    Dex: 11    Spells: 5/5 levels left

rFire    + . .     SeeInvis .   a - +0 long sword
rCold    . . .     Gourm    .   c - +0 shield
rNeg     . . .     Faith    .   l - +0 chain mail (curse)
rPois    .         Spirit   +   (helmet restricted)
rElec    .         Reflect  .   (no cloak)
rCorr    .         Harm     .   (no gloves)
MR       .....                  (no boots)
Stlth    ..........             i - amulet of guardian spirit
HPRegen  0.17/turn              q - ring of protection from fire
MPRegen  0.09/turn              t - +3 ring of evasion

@: no status effects
A: retaliatory headbutt, horns 2
a: Renounce Religion


You were on level 5 of the Dungeon.
You worshipped Qazlal.
Qazlal was noncommittal.
You were hungry.

You visited 2 branches of the dungeon, and saw 6 of its levels.

You collected 201 gold pieces.

Inventory:

Hand Weapons
 a - a +0 long sword (weapon)
Armour
 c - a +0 shield (worn)
 l - a cursed +0 chain mail (worn)
Jewellery
 i - an amulet of guardian spirit (around neck)
 q - a ring of protection from fire (left hand)
 t - a +3 ring of evasion (right hand)
Wands
 m - a wand of random effects (25)
Scrolls
 g - 2 scrolls of amnesia {unknown}
 h - 3 scrolls of enchant weapon {unknown}
 k - 7 scrolls of identify {unknown}
 n - a scroll of magic mapping {unknown}
 o - 2 scrolls of fear {unknown}
 p - 5 scrolls of teleportation {unknown}
 r - 2 scrolls of remove curse {unknown}
 v - a scroll of blinking {unknown}
 w - a scroll of noise {unknown}
 x - a scroll of random uselessness {unknown}
 y - a scroll of fog {unknown}
Potions
 b - a potion of curing {unknown}
 d - a potion of might
 e - 2 potions of mutation {unknown}
 j - 2 potions of brilliance {unknown}
 s - 2 potions of magic {unknown}
 u - 2 potions of invisibility {unknown}
 z - a potion of lignification {unknown}
Comestibles
 f - 11 rations


   Skills:
 - Level 4.7 Fighting
 + Level 7.6 Long Blades
 - Level 4.6 Armour
 - Level 4.6 Shields


You had 5 spell levels left.
You didn't know any spells.
Your spell library contained the following spells:

 Spells                   Type           Power        Failure   Level  Hunger
 Confusing Touch          Hex            #.....       100%        1    ##.....
 Confuse                  Hex            #.......     100%        3    ####...
 Gell's Gravitas          Tloc           #.........   100%        3    ####...
 Petrify                  Tmut/Erth      #.......     100%        4    #####..
 Metabolic Englaciation   Hex/Ice        #.........   100%        5    ######.
 Yara's Violent Unravell  Hex/Tmut       #.........   100%        5    ######.


Dungeon Overview and Level Annotations

Branches:
Dungeon (5/15)             Temple (1/1) D:4

Altars:
Ashenzari
Cheibriados
Dithmenos
Fedhas
Gozag
Hepliaklqana
Kikubaaqudgha
Makhleb
Nemelex Xobeh
Okawaru
Qazlal
Sif Muna
Trog
Uskayaw
Vehumet
Wu Jian
Xom
Yredelemnul
Zin
The Shining One

Annotations:
D:3 1 runed translucent door, Blodwynpig's ghost, amateur MfCK
D:5 Eustachio; Prince Ribbit


Innate Abilities, Weirdness & Mutations

You reflexively headbutt those who attack you in melee.
You have a pair of horns on your head.


Message History

Prince Ribbit is heavily wounded.
Prince Ribbit closely misses you. You block Prince Ribbit's attack.
You closely miss Prince Ribbit. You headbutt Prince Ribbit.
Prince Ribbit is severely wounded.
Prince Ribbit blinks!
Eustachio the Magnificent comes into view.
He is wielding a +2 vampiric rapier and wearing a +0 leather armour of magic resistance.
Eustachio shouts!
Eustachio yells, "Perjured traitor, DIE!"
Eustachio twirls his moustache.
There is a stone staircase leading up, spattered with blood here.
Prince Ribbit blinks!
Prince Ribbit lets out a mournful croak.
There is a stone staircase leading up here.
Prince Ribbit hits you! x2
* * * LOW HITPOINT WARNING * * *
You block Prince Ribbit's attack. Prince Ribbit hits you!
* * * LOW HITPOINT WARNING * * *
Prince Ribbit hits you!
You die...

##### . ...##
...####..#######
.........#)....##
..........@@....#
.........)F......#
.................#
.................#
.................#
...(.............#
................##
.........#.....##


You could see Eustachio and Prince Ribbit.

Vanquished Creatures
  Sigmund (D:2)
  An ogre (D:5)
  Ijyb (D:2)
  2 worker ants
  3 gnolls (D:4)
  6 adders
  4 worms
  A dart slug (D:1)
  2 leopard geckos
  6 orcs
  8 bats
  16 goblins
  10 hobgoblins
  16 jackals
  5 quokkas
  7 ball pythons (D:3)
  2 frilled lizards
  A giant cockroach zombie (D:5)
  5 kobolds
  8 rats
105 creatures vanquished.

Vanquished Creatures (others)
  2 withered plants (D:3)
2 creatures vanquished.

Grand Total: 107 creatures vanquished

Notes
Turn   | Place    | Note
-------+----------+-------------------------------------------
     0 | D:1      | Kobolds4U the Minotaur Fighter began the quest for the Orb.
     0 | D:1      | Reached XP level 1. HP: 19/19 MP: 0/0
    83 | D:1      | Reached XP level 2. HP: 21/27 MP: 1/1
   278 | D:1      | Reached skill level 3 in Long Blades
   450 | D:1      | Reached XP level 3. HP: 27/33 MP: 2/2
   835 | D:2      | Noticed Ijyb
   865 | D:2      | Killed Ijyb
   865 | D:2      | Reached XP level 4. HP: 41/41 MP: 3/3
  1044 | D:2      | Noticed a +0 dagger
  1045 | D:2      | Found a hide-covered altar of Uskayaw.
  1045 | D:2      | Noticed a +0 hand axe
  1115 | D:2      | Reached XP level 5. HP: 45/47 MP: 4/4
  1146 | D:2      | Noticed Sigmund
  1168 | D:2      | Killed Sigmund
  1168 | D:2      | Reached skill level 5 in Long Blades
  1168 | D:2      | Reached XP level 6. HP: 25/53 MP: 3/5
  1488 | D:2      | Found a faded altar of an unknown god.
  1773 | D:3      | Reached skill level 6 in Long Blades
  2258 | D:3      | Found a runed translucent door.
  2258 | D:3      | Noticed Blodwynpig's ghost (amateur MfCK)
  2797 | D:4      | Found an ancient bone altar of Kikubaaqudgha.
  3009 | D:4      | Found a staircase to the Ecumenical Temple.
  3037 | Temple   | Entered the Ecumenical Temple
  3257 | Temple   | Became a worshipper of Qazlal Stormbringer
  3436 | D:4      | Reached skill level 7 in Long Blades
  3560 | D:4      | Found a radiant altar of Vehumet.
  3560 | D:4      | Found a snail-covered altar of Cheibriados.
  3731 | D:5      | Entered Level 5 of the Dungeon
  3733 | D:5      | Noticed Prince Ribbit
  3755 | D:5      | Noticed Eustachio
  3764 | D:5      | HP: 1/53 [Prince Ribbit (13)]
  3764 | D:5      | Mangled by Prince Ribbit

Skill      XL: |  1  2  3  4  5  6 |
---------------+-------------------+-----
Fighting       | 4 |  4.7
Shields        | 4 |  4.6
Long Blades    | 3 5 7 |  7.6
Armour         | 4 |  4.6

Action                   |  1- 3 |  4- 6 || total
-------------------------+-------+-------++-------
Melee: Long sword        |    83 |   211 ||   294
       Headbutt          |    13 |    34 ||    47
  Eat: Chunk             |       |     9 ||     9
Armor: Scale mail        |    29 |       ||    29
       Chain mail        |    37 |    99 ||   136
Dodge: Dodged            |    37 |    57 ||    94
Block: Shield            |    75 |    99 ||   174
       Rpst.: Long sword |     8 |    16 ||    24
